[Event "XLII Barbera Open 2019"]
[Site "Barbera"]
[Date "2019.07.04"]
[Round "1.1"]
[White "Peralta, Fernando"]
[Black "Alvarez Albiol, Victor"]
[Result "1/2-1/2"]
[ECO "A05"]
[WhiteElo "2562"]
[BlackElo "2075"]
[Annotator "ChessBase"]
[PlyCount "88"]
[EventDate "2019.07.04"]
[EventType "swiss"]
[EventCountry "ESP"]
[SourceTitle "playchess.com"]
[Source "ChessBase"]
[SourceQuality "1"]
[TimeControl "5400+30"]

1. Nf3 Nf6 2. c4 g6 3. Nc3 Bg7 4. e4 d6 5. d4 O-O 6. h3 c5 7. d5 b5 8. cxb5 a6 9. a4 axb5 10. Bxb5 Ba6 11. Bxa6 Nxa6 12. O-O Nc7 13. Qc2 Qb8 14. Bd2 Qb7 15. b3 Rab8 16. Rab1 Nd7 17. Rfe1 e6 18. Bf4 Ne5 19. Bxe5 dxe5 20. d6 Na6 21. Nb5 Rfd8 22. Rbd1 Rbc8 23. Qc3 Nb4 24. Nxe5 Nc6 25. f4 Nd4 26. Qc4 Nxb5 27. axb5 Bxe5 28. fxe5 Rb8 29. Ra1 Qxb5 30. Ra7 Qxb3 31. Qxc5 Qg3 32. Qa5 Rf8 33. Qa1 Rb2 34. Qxb2 Qxe1+ 35. Kh2 Qxe4 36. Ra1 f6 37. Rc1 fxe5 38. Qd2 Rd8 39. d7 Qb7 40. Rd1 Qc7 41. Kh1 e4 42. Qd4 e3 43. Qxe3 Rxd7 44. Qxe6+ Rf7 1/2-1/2

[Event "XLII Barbera Open 2019"]
[Site "Barbera"]
[Date "2019.07.04"]
[Round "1.2"]
[White "Trost, Edvin"]
[Black "Harutyunian, Tigran K."]
[Result "0-1"]
[ECO "B47"]
[WhiteElo "2069"]
[BlackElo "2539"]
[Annotator "ChessBase"]
[PlyCount "116"]
[EventDate "2019.07.04"]
[EventType "swiss"]
[EventCountry "ESP"]
[SourceTitle "playchess.com"]
[Source "ChessBase"]
[SourceQuality "1"]
[TimeControl "5400+30"]

1. e4 c5 2. Nf3 e6 3. d4 cxd4 4. Nxd4 Nc6 5. Nc3 Qc7 6. Nb3 Nf6 7. f4 Bb4 8. Bd3 d6 9. Bd2 O-O 10. a3 Bxc3 11. Bxc3 e5 12. Qf3 Be6 13. f5 Bxb3 14. cxb3 Qb6 15. b4 Nd4 16. Qf2 Rfe8 17. O-O Ng4 18. Bxd4 Nxf2 19. Bxb6 Nxd3 20. Bc7 Nxb2 21. Bxd6 Rad8 22. Bc5 b6 23. Bf2 Rd3 24. Rfc1 Red8 25. h3 h6 26. Rc7 R8d7 27. Rc8+ Kh7 28. Re8 f6 29. Rc1 Rd1+ 30. Rxd1 Nxd1 31. Be1 Nb2 32. Rc8 Rd4 33. Bf2 Rc4 34. Rd8 Rc7 35. Rd2 Na4 36. Be1 h5 37. Kf2 Nc3 38. Ke3 Nb5 39. Rd3 Rc1 40. Bh4 Ra1 41. Rd7 Rxa3+ 42. Ke2 Kg8 43. Rd8+ Kf7 44. Rd7+ Kf8 45. Be1 Nd4+ 46. Kf1 Kg8 47. Rd8+ Kh7 48. Rd7 Re3 49. Bh4 Rxe4 50. Bxf6 Nxf5 51. Rxa7 Kg6 52. Bd8 Rxb4 53. Ra6 Ne3+ 54. Kf2 Nd5 55. Ra2 Kf5 56. Rd2 Rd4 57. Rb2 Nf4 58. Kg3 Rxd8 0-1

[Event "XLII Barbera Open 2019"]
[Site "Barbera"]
[Date "2019.07.04"]
[Round "1.3"]
[White "Rios, Cristhian Camilo"]
[Black "Ojeda Lago, Ariadna"]
[Result "1-0"]
[ECO "A28"]
[WhiteElo "2520"]
[BlackElo "2067"]
[Annotator "ChessBase"]
[PlyCount "37"]
[EventDate "2019.07.04"]
[EventType "swiss"]
[EventCountry "ESP"]
[SourceTitle "playchess.com"]
[Source "ChessBase"]
[SourceQuality "1"]
[TimeControl "5400+30"]

1. c4 e5 2. Nc3 Nf6 3. Nf3 Nc6 4. e3 Bb4 5. Qc2 O-O 6. Nd5 Bc5 7. Be2 Re8 8. Ng5 h6 9. Nxf6+ Qxf6 10. Qh7+ Kf8 11. Ne4 Qd8 12. Nxc5 d6 13. Ne4 Ne7 14. Ng3 Ng6 15. Nh5 Qg5 16. Qxg7+ Ke7 17. O-O Bg4 18. Bxg4 Rg8 19. Qf6+ 1-0

[Event "XLII Barbera Open 2019"]
[Site "Barbera"]
[Date "2019.07.04"]
[Round "1.4"]
[White "Fernandez-Diaz Mascort, Miguel"]
[Black "Munoz, Miguel"]
[Result "0-1"]
[ECO "A00"]
[WhiteElo "2064"]
[BlackElo "2511"]
[Annotator "ChessBase"]
[PlyCount "66"]
[EventDate "2019.07.04"]
[EventType "swiss"]
[EventCountry "ESP"]
[SourceTitle "playchess.com"]
[Source "ChessBase"]
[SourceQuality "1"]
[TimeControl "5400+30"]

1. Nc3 c5 2. Nf3 Nc6 3. e4 g6 4. Bb5 Bg7 5. O-O e5 6. Bxc6 dxc6 7. d3 Ne7 8. Be3 b6 9. Nd2 h6 10. f4 exf4 11. Bxf4 O-O 12. Nc4 g5 13. Bg3 f5 14. Qe2 f4 15. Bf2 Be6 16. e5 Nf5 17. Rae1 Nd4 18. Bxd4 Qxd4+ 19. Kh1 Bxc4 20. dxc4 Rae8 21. e6 Rf6 22. e7 Rf7 23. Qe6 Qf6 24. g3 Rexe7 25. Qxf6 Bxf6 26. gxf4 Rxe1 27. Rxe1 Bxc3 28. bxc3 Rxf4 29. Kg2 Kf7 30. Rd1 Rxc4 31. Rd7+ Ke6 32. Rh7 Rxc3 33. Rxh6+ Kf5 0-1

[Event "XLII Barbera Open 2019"]
[Site "Barbera"]
[Date "2019.07.04"]
[Round "1.5"]
[White "Moskalenko, Viktor"]
[Black "Diaz Del Valle, Laura Beatriz"]
[Result "1-0"]
[ECO "A06"]
[WhiteElo "2500"]
[BlackElo "2063"]
[Annotator "ChessBase"]
[PlyCount "59"]
[EventDate "2019.07.04"]
[EventType "swiss"]
[EventCountry "ESP"]
[SourceTitle "playchess.com"]
[Source "ChessBase"]
[SourceQuality "1"]
[TimeControl "5400+30"]

1. Nf3 d5 2. b4 Nf6 3. Bb2 e6 4. a3 c5 5. bxc5 Bxc5 6. e3 Nc6 7. d4 Bd6 8. Nbd2 O-O 9. Bd3 Qc7 10. c4 Re8 11. Rc1 Qe7 12. c5 Bb8 13. O-O Nh5 14. Ne5 Bxe5 15. dxe5 g6 16. f4 Rd8 17. Qe2 Ng7 18. g4 Ne8 19. Nf3 Bd7 20. Qg2 Rac8 21. Qh3 Qf8 22. f5 exf5 23. gxf5 gxf5 24. Kh1 Ng7 25. Ng5 h5 26. e6 fxe6 27. Bxg7 Kxg7 28. Nxe6+ Bxe6 29. Bxf5 Bxf5 30. Rxf5 1-0

[Event "XLII Barbera Open 2019"]
[Site "Barbera"]
[Date "2019.07.04"]
[Round "1.6"]
[White "Bhavesh Mahajan"]
[Black "Oliva Castaneda, Kevel"]
[Result "0-1"]
[ECO "C50"]
[WhiteElo "2051"]
[BlackElo "2467"]
[Annotator "ChessBase"]
[PlyCount "128"]
[EventDate "2019.07.04"]
[EventType "swiss"]
[EventCountry "ESP"]
[SourceTitle "playchess.com"]
[Source "ChessBase"]
[SourceQuality "1"]
[TimeControl "5400+30"]

1. e4 e5 2. Nf3 Nc6 3. Bc4 Bc5 4. O-O Nf6 5. d3 d6 6. h3 h6 7. Nc3 Na5 8. Bb3 a6 9. Be3 Bxe3 10. fxe3 Nxb3 11. axb3 O-O 12. Qe2 Nh7 13. Kh2 Be6 14. Qf2 f5 15. exf5 Rxf5 16. e4 Rf7 17. Qg3 Qd7 18. Rf2 Raf8 19. Raf1 g5 20. Nd2 Nf6 21. Qe3 g4 22. Kh1 gxh3 23. gxh3 Bxh3 24. Rg1+ Bg4 25. Rfg2 Kh7 26. Rh2 Nh5 27. Qe1 Rg7 28. Qe3 Rfg8 29. Nd5 Qf7 30. Rf2 Nf4 31. Nxf4 exf4 32. Qxf4 Bf3+ 33. Qxf3 Rxg1+ 34. Kh2 Qxf3 35. Nxf3 R1g4 36. Re2 Rf4 37. Re3 h5 38. Kh3 Kh6 39. d4 Rfg4 40. Nh2 Rg2 41. e5 dxe5 42. dxe5 Rxc2 43. e6 Re8 44. Nf3 Kg6 45. Nd4 Rxb2 46. Kg3 Rd2 47. Nf3 Rd6 48. e7 Kf6 49. Re5 Rd3 50. Rxh5 Rxb3 51. Rh6+ Kxe7 52. Rh7+ Kd6 53. Rh6+ Re6 54. Rh4 Rf6 55. Rd4+ Kc5 56. Rf4 Rxf4 57. Kxf4 Rxf3+ 58. Kxf3 a5 59. Ke3 a4 60. Kd2 b5 61. Kc3 b4+ 62. Kb2 Kd4 63. Kc2 c5 64. Kb2 c4 0-1

[Event "XLII Barbera Open 2019"]
[Site "Barbera"]
[Date "2019.07.04"]
[Round "1.8"]
[White "Cruz, Jefferson"]
[Black "Sreeshwan Maralakshikari"]
[Result "1/2-1/2"]
[ECO "D45"]
[WhiteElo "2033"]
[BlackElo "2461"]
[Annotator "ChessBase"]
[PlyCount "89"]
[EventDate "2019.07.04"]
[EventType "swiss"]
[EventCountry "ESP"]
[SourceTitle "playchess.com"]
[Source "ChessBase"]
[SourceQuality "1"]
[TimeControl "5400+30"]

1. d4 d5 2. c4 c6 3. Nc3 Nf6 4. Nf3 e6 5. e3 Nbd7 6. Qc2 b6 7. Be2 Bb7 8. O-O Rc8 9. b3 Bd6 10. Bb2 Qe7 11. Rad1 O-O 12. e4 e5 13. dxe5 Nxe5 14. Nd4 Neg4 15. h3 Nh6 16. Bc1 c5 17. Ndb5 d4 18. Nxd6 Qxd6 19. Bxh6 gxh6 20. Nd5 Bxd5 21. exd5 Rce8 22. Bd3 Re5 23. Rde1 Rg5 24. f4 Rg3 25. Bf5 Kh8 26. Qf2 Rfg8 27. Bg4 Rc3 28. Qh4 Nxg4 29. hxg4 Rc2 30. f5 d3 31. Rf2 h5 32. Rxc2 dxc2 33. g5 h6 34. Qxh5 Rxg5 35. Qxf7 Qg3 36. Qe8+ Kh7 37. Qe4 Rg4 38. Qe7+ Kg8 39. Qe8+ Kh7 40. Qe7+ Kh8 41. Qf6+ Kh7 42. Qe7+ Rg7 43. Qe4 Rg4 44. Qe7+ Kh8 45. Qf6+ 1/2-1/2

[Event "XLII Barbera Open 2019"]
[Site "Barbera"]
[Date "2019.07.04"]
[Round "1.9"]
[White "Sturt, Raven"]
[Black "Bohigas Santasusagna, Lluis"]
[Result "1-0"]
[ECO "A55"]
[WhiteElo "2429"]
[BlackElo "2026"]
[Annotator "NA"]
[PlyCount "79"]
[EventDate "2019.07.04"]
[EventType "swiss"]
[EventCountry "ESP"]
[SourceTitle "playchess.com"]
[Source "ChessBase"]
[SourceQuality "1"]
[TimeControl "5400+30"]

1. d4 d6 2. Nf3 Nd7 3. c4 e5 4. Nc3 Ngf6 5. e4 Be7 6. Be2 O-O 7. O-O c6 8. h3 a6 9. Be3 b5 10. c5 Qc7 11. cxd6 Bxd6 12. Rc1 Qb8 13. Qc2 Bb7 14. dxe5 Nxe5 15. Nxe5 Bxe5 16. f4 Bc7 17. e5 Nd7 18. Ne4 h6 19. Rfd1 Bb6 20. Bxb6 Nxb6 21. Nc5 Nd5 22. Qe4 Re8 23. Bd3 Nf6 24. Qf3 Nd5 25. Re1 Bc8 26. Ne4 Bd7 27. Nd6 Re7 28. Be4 Qb6+ 29. Kh2 Rd8 30. Bxd5 cxd5 31. Qxd5 Be6 32. Qf3 Rc7 33. b3 Rxc1 34. Rxc1 Qd4 35. Rd1 Qb6 36. f5 Bc8 37. f6 Be6 38. fxg7 Kxg7 39. Qf6+ Kh7 40. Nf5 1-0

[Event "XLII Barbera Open 2019"]
[Site "Barbera"]
[Date "2019.07.04"]
[Round "1.10"]
[White "Sivanesan, Subramanian"]
[Black "Morales, Jhon Alexander"]
[Result "0-1"]
[ECO "A37"]
[WhiteElo "2013"]
[BlackElo "2422"]
[Annotator "NA"]
[PlyCount "54"]
[EventDate "2019.07.04"]
[EventType "swiss"]
[EventCountry "ESP"]
[SourceTitle "playchess.com"]
[Source "ChessBase"]
[SourceQuality "1"]
[TimeControl "5400+30"]

1. c4 g6 2. g3 Bg7 3. Bg2 c5 4. Nc3 Nc6 5. Nf3 e5 6. O-O Nge7 7. d3 O-O 8. e4 d6 9. Be3 a6 10. Rb1 b5 11. cxb5 axb5 12. Nxb5 Rxa2 13. Na3 Nb4 14. Nd2 Ba6 15. Ndc4 Nec6 16. Bf3 Na5 17. Bd2 Nac6 18. Bc3 Qc7 19. Qd2 Rd8 20. Bxb4 cxb4 21. Nc2 b3 22. N2a3 Nd4 23. Bg2 h5 24. Rfc1 Qa7 25. h4 Kh7 26. Rc3 Bxc4 27. dxc4 Qxa3 0-1

[Event "XLII Barbera Open 2019"]
[Site "Barbera"]
[Date "2019.07.05"]
[Round "2.1"]
[White "Harutyunian, Tigran K."]
[Black "Vergara Jofre, Felipe"]
[Result "1-0"]
[ECO "E16"]
[WhiteElo "2539"]
[BlackElo "2332"]
[Annotator "ChessBase"]
[PlyCount "59"]
[EventDate "2019.07.04"]
[EventType "swiss"]
[EventCountry "ESP"]
[SourceTitle "playchess.com"]
[Source "ChessBase"]
[SourceQuality "1"]
[TimeControl "5400+30"]

1. d4 Nf6 2. Nf3 e6 3. c4 Bb4+ 4. Bd2 Qe7 5. g3 Bxd2+ 6. Qxd2 Nc6 7. e3 e5 8. dxe5 Nxe5 9. Nxe5 Qxe5 10. Bg2 Ne4 11. Qd5 Qxd5 12. cxd5 Nd6 13. O-O c5 14. e4 f6 15. f4 Nf7 16. e5 fxe5 17. fxe5 Nxe5 18. d6 Nf7 19. Na3 Nd8 20. Nb5 Ne6 21. Nc7+ Nxc7 22. dxc7 Ke7 23. Rad1 a5 24. Bd5 Ra7 25. Bc4 d5 26. Rxd5 b5 27. Re1+ Kf6 28. Rd6+ Kf5 29. Bd3+ Kg4 30. Rd8 1-0

[Event "XLII Barbera Open 2019"]
[Site "Barbera"]
[Date "2019.07.05"]
[Round "2.2"]
[White "Radnai, Adam"]
[Black "Rios, Cristhian Camilo"]
[Result "0-1"]
[ECO "D00"]
[WhiteElo "2309"]
[BlackElo "2520"]
[Annotator "ChessBase"]
[PlyCount "46"]
[EventDate "2019.07.04"]
[EventType "swiss"]
[EventCountry "ESP"]
[SourceTitle "playchess.com"]
[Source "ChessBase"]
[SourceQuality "1"]
[TimeControl "5400+30"]

1. d4 d5 2. Bf4 Nf6 3. e3 e6 4. Nd2 c5 5. c3 Nc6 6. Ngf3 Bd6 7. Bg3 O-O 8. Bd3 b6 9. e4 Be7 10. e5 Nh5 11. Ng5 Bxg5 12. Qxh5 g6 13. Qe2 cxd4 14. Nf3 dxc3 15. Nxg5 cxb2 16. Rd1 Qxg5 17. Qxb2 f5 18. h4 Qg4 19. Qc1 Bd7 20. Bf4 Rac8 21. Qd2 Qxg2 22. Rh2 Qg1+ 23. Bf1 Nxe5 0-1

[Event "XLII Barbera Open 2019"]
[Site "Barbera"]
[Date "2019.07.05"]
[Round "2.4"]
[White "Meessen, Rudolf"]
[Black "Moskalenko, Viktor"]
[Result "1/2-1/2"]
[ECO "B09"]
[WhiteElo "2269"]
[BlackElo "2500"]
[Annotator "ChessBase"]
[PlyCount "88"]
[EventDate "2019.07.04"]
[EventType "swiss"]
[EventCountry "ESP"]
[SourceTitle "playchess.com"]
[Source "ChessBase"]
[SourceQuality "1"]
[TimeControl "5400+30"]

1. d4 d6 2. e4 Nf6 3. Nc3 g6 4. f4 Bg7 5. Nf3 Nc6 6. Be3 O-O 7. Qd2 a6 8. O-O-O b5 9. e5 Ng4 10. h3 Nxe3 11. Qxe3 b4 12. Ne4 Bf5 13. g4 Bxe4 14. Qxe4 Na7 15. h4 d5 16. Qe3 c5 17. dxc5 Qa5 18. Kb1 Rfc8 19. Rxd5 e6 20. Rd7 Rxc5 21. Qb3 Nc6 22. Rxf7 Rd5 23. Rxg7+ Kxg7 24. Bc4 Nd4 25. Nxd4 Rxd4 26. Qf3 Rf8 27. Qb7+ Rf7 28. Qc8 Rdxf4 29. h5 Rf8 30. Qd7+ R4f7 31. Qxe6 Qd8 32. h6+ Kh8 33. Qxf7 Rxf7 34. Bxf7 Qd4 35. e6 Qd8 36. Re1 Qd2 37. Rh1 Qe2 38. g5 a5 39. Rc1 a4 40. a3 bxa3 41. bxa3 Qb5+ 42. Ka2 Qc4+ 43. Kb2 Qb5+ 44. Ka2 Qb2+ 1/2-1/2

[Event "XLII Barbera Open 2019"]
[Site "Barbera"]
[Date "2019.07.05"]
[Round "2.5"]
[White "Oliva Castaneda, Kevel"]
[Black "Cruz, Filemon"]
[Result "1-0"]
[ECO "E05"]
[WhiteElo "2467"]
[BlackElo "2304"]
[Annotator "ChessBase"]
[PlyCount "76"]
[EventDate "2019.07.04"]
[EventType "swiss"]
[EventCountry "ESP"]
[SourceTitle "playchess.com"]
[Source "ChessBase"]
[SourceQuality "1"]
[TimeControl "5400+30"]

1. d4 Nf6 2. c4 e6 3. g3 d5 4. Nf3 Be7 5. Bg2 dxc4 6. Qa4+ Bd7 7. Qxc4 Bc6 8. O-O O-O 9. Rd1 a6 10. b3 Qc8 11. Bb2 Rd8 12. Qc1 b5 13. Qf4 Bd6 14. Qh4 Nbd7 15. Nbd2 Nf8 16. Rac1 Bb7 17. e4 Ng6 18. Qh3 Be7 19. Re1 a5 20. a3 b4 21. a4 h6 22. Bf1 Nd7 23. Rc2 Qb8 24. Rec1 c6 25. Bc4 Ngf8 26. Ne1 c5 27. dxc5 Bxc5 28. Qg4 g6 29. Qh4 h5 30. Ndf3 Re8 31. Qg5 Nh7 32. Qd2 Ndf6 33. Bd3 Bf8 34. Ne5 Bg7 35. Qf4 Rf8 36. Rc7 g5 37. Qf3 Qa7 38. Qe2 Rac8 1-0

[Event "XLII Barbera Open 2019"]
[Site "Barbera"]
[Date "2019.07.05"]
[Round "2.6"]
[White "Subramanian, Aditya"]
[Black "Berdayes Ason, Dylan Isidro"]
[Result "1/2-1/2"]
[ECO "E14"]
[WhiteElo "2198"]
[BlackElo "2461"]
[Annotator "ChessBase"]
[PlyCount "81"]
[EventDate "2019.07.04"]
[EventType "swiss"]
[EventCountry "ESP"]
[SourceTitle "playchess.com"]
[Source "ChessBase"]
[SourceQuality "1"]
[TimeControl "5400+30"]

1. d4 Nf6 2. c4 e6 3. Nf3 b6 4. e3 Bb7 5. Bd3 d5 6. O-O Nbd7 7. b3 Bd6 8. Bb2 O-O 9. Nc3 a6 10. Rc1 Ne4 11. Ne2 Rc8 12. Ne5 f6 13. Nxd7 Qxd7 14. c5 Be7 15. f3 Ng5 16. Qc2 bxc5 17. dxc5 c6 18. h4 Nf7 19. Bxh7+ Kh8 20. Qg6 Nh6 21. g4 Qe8 22. Nf4 e5 23. Ne6 Rf7 24. g5 Qd7 25. gxh6 Qxe6 26. Qf5 Qxf5 27. Bxf5 Rb8 28. Be6 Rff8 29. hxg7+ Kxg7 30. Rc2 Bc8 31. Bxc8 Rfxc8 32. f4 e4 33. Bd4 Rh8 34. Rh2 Rh5 35. Kf2 Kf7 36. Ke2 Rg8 37. Kd2 Rg4 38. Kc3 Rgxh4 39. Rxh4 Rxh4 40. b4 Rh2 41. a4 1/2-1/2

[Event "XLII Barbera Open 2019"]
[Site "Barbera"]
[Date "2019.07.05"]
[Round "2.7"]
[White "Lacrosse, Marc"]
[Black "Sturt, Raven"]
[Result "0-1"]
[ECO "A65"]
[WhiteElo "2189"]
[BlackElo "2429"]
[Annotator "NA"]
[PlyCount "84"]
[EventDate "2019.07.04"]
[EventType "swiss"]
[EventCountry "ESP"]
[SourceTitle "playchess.com"]
[Source "ChessBase"]
[SourceQuality "1"]
[TimeControl "5400+30"]

1. d4 Nf6 2. c4 c5 3. d5 e6 4. Nc3 exd5 5. cxd5 d6 6. e4 g6 7. h3 Bg7 8. Nf3 O-O 9. Bd3 Re8 10. O-O a6 11. a4 Nbd7 12. Re1 Qc7 13. Bf4 c4 14. Bf1 Rb8 15. a5 b5 16. axb6 Rxb6 17. Ra2 Rb4 18. Nd4 Nh5 19. Be3 Nc5 20. g4 Nf6 21. Nc6 Rb6 22. e5 Nxd5 23. Nxd5 Qxc6 24. Bg2 Rxe5 25. Ne7+ Rxe7 26. Bxc6 Rxc6 27. Bxc5 Rxe1+ 28. Qxe1 Rxc5 29. Ra5 Be6 30. Rxc5 dxc5 31. Qd2 Bd4 32. Kg2 Kf8 33. Kg3 Ke7 34. Qc2 Kd6 35. f3 Kc6 36. Qa4+ Kb7 37. Qc2 Kb6 38. Kg2 Kb5 39. Qd2 Ka4 40. Qd1+ Kb4 41. Qa1 Kb3 42. Qa3+ Kc2 0-1

[Event "XLII Barbera Open 2019"]
[Site "Barbera"]
[Date "2019.07.05"]
[Round "2.8"]
[White "Morales, Jhon Alexander"]
[Black "Pena Morales, Hugo"]
[Result "1-0"]
[ECO "B34"]
[WhiteElo "2422"]
[BlackElo "2267"]
[Annotator "NA"]
[PlyCount "123"]
[EventDate "2019.07.04"]
[EventType "swiss"]
[EventCountry "ESP"]
[SourceTitle "playchess.com"]
[Source "ChessBase"]
[SourceQuality "1"]
[TimeControl "5400+30"]

1. e4 c5 2. Nc3 Nc6 3. Nge2 g6 4. d4 cxd4 5. Nxd4 Bg7 6. Nde2 d6 7. g3 Bg4 8. Bg2 Nf6 9. h3 Be6 10. O-O Bc4 11. Re1 O-O 12. Rb1 Rc8 13. b3 Ba6 14. a4 Nb4 15. Ba3 Qa5 16. Qd2 Nxc2 17. Qxc2 Bxe2 18. Qxe2 Rxc3 19. e5 dxe5 20. Qxe5 Qxe5 21. Rxe5 Rd8 22. Rxe7 Bf8 23. Bb4 Nd5 24. Bxd5 Bxe7 25. Bxf7+ Kxf7 26. Bxc3 Rd3 27. Be1 h5 28. Kf1 Ke6 29. Ke2 Rd5 30. Rc1 Re5+ 31. Kf1 Rc5 32. Rxc5 Bxc5 33. Ke2 Kd5 34. Kd3 a6 35. f3 b5 36. axb5 axb5 37. Bd2 Bd6 38. f4 Bc7 39. Ke3 Bd6 40. Bc3 Be7 41. Kf3 b4 42. Bg7 Bd6 43. g4 hxg4+ 44. hxg4 Bc5 45. f5 gxf5 46. gxf5 Bd6 47. Bb2 Bc5 48. Kf4 Bd6+ 49. Kg5 Ke4 50. Kf6 Kd3 51. Ke6 Bf8 52. Be5 Kc2 53. Bd6 Bh6 54. Bxb4 Kxb3 55. Bd6 Bg7 56. Be5 Bf8 57. f6 Kc4 58. Bd6 Bh6 59. f7 Kd4 60. Be7 Ke4 61. Kf6 Kd5 62. Ba3 1-0

[Event "XLII Barbera Open 2019"]
[Site "Barbera"]
[Date "2019.07.05"]
[Round "2.9"]
[White "Ros Alonso, Jaume"]
[Black "Perez Mitjans, Orelvis"]
[Result "0-1"]
[ECO "C61"]
[WhiteElo "2178"]
[BlackElo "2416"]
[Annotator "NA"]
[PlyCount "64"]
[EventDate "2019.07.04"]
[EventType "swiss"]
[EventCountry "ESP"]
[SourceTitle "playchess.com"]
[Source "ChessBase"]
[SourceQuality "1"]
[TimeControl "5400+30"]

1. e4 e5 2. Nf3 Nc6 3. Bb5 Nd4 4. Nxd4 exd4 5. O-O Bc5 6. d3 c6 7. Bc4 d5 8. exd5 cxd5 9. Bb5+ Kf8 10. Re1 Ne7 11. Bg5 f6 12. Bf4 h5 13. h3 g5 14. Bh2 g4 15. h4 Kf7 16. c4 a6 17. Ba4 dxc4 18. Nd2 Nf5 19. Qc2 b5 20. Bb3 Kg7 21. Nxc4 bxc4 22. Qxc4 Bd6 23. Bxd6 Qxd6 24. Qf7+ Kh6 25. Rac1 Rh7 26. Qg8 Bb7 27. Re8 Rxe8 28. Qxe8 Qe7 29. Qb8 Nxh4 30. Qf4+ Kg6 31. Qxd4 Nxg2 32. Bc2 Ne1 0-1

[Event "XLII Barbera Open 2019"]
[Site "Barbera"]
[Date "2019.07.05"]
[Round "2.10"]
[White "Singh, S. Vikramjit"]
[Black "Volkov, Dmitry V"]
[Result "1/2-1/2"]
[ECO "E79"]
[WhiteElo "2164"]
[BlackElo "2199"]
[Annotator "NA"]
[PlyCount "25"]
[EventDate "2019.07.04"]
[EventType "swiss"]
[EventCountry "ESP"]
[SourceTitle "playchess.com"]
[Source "ChessBase"]
[SourceQuality "1"]
[TimeControl "5400+30"]

1. d4 Nf6 2. c4 g6 3. Nc3 Bg7 4. e4 d6 5. f4 O-O 6. Nf3 c5 7. Be2 cxd4 8. Nxd4 Nc6 9. Be3 Nd7 10. Qd2 Nc5 11. O-O Nxd4 12. Bxd4 e5 13. Be3 1/2-1/2

[Event "XLII Barbera Open 2019"]
[Site "Barbera"]
[Date "2019.07.06"]
[Round "3.1"]
[White "Perez Mitjans, Orelvis"]
[Black "Harutyunian, Tigran K."]
[Result "1/2-1/2"]
[ECO "C77"]
[WhiteElo "2416"]
[BlackElo "2539"]
[Annotator "ChessBase"]
[PlyCount "79"]
[EventDate "2019.07.04"]
[EventType "swiss"]
[EventCountry "ESP"]
[SourceTitle "playchess.com"]
[Source "ChessBase"]
[SourceQuality "1"]
[TimeControl "5400+30"]

1. e4 e5 2. Nf3 Nc6 3. Bb5 a6 4. Ba4 Nf6 5. d3 b5 6. Bb3 Be7 7. O-O O-O 8. Nc3 d6 9. a3 Nb8 10. Ne2 Nbd7 11. Ng3 Nc5 12. Ba2 Be6 13. Re1 Re8 14. Bxe6 Nxe6 15. c3 c5 16. d4 cxd4 17. cxd4 exd4 18. Nxd4 Nxd4 19. Qxd4 Nd7 20. Nf5 Bf6 21. Qxd6 Ne5 22. Rd1 Qxd6 23. Nxd6 Re6 24. Bf4 Ng6 25. e5 Nxe5 26. Ne4 Nc4 27. Nxf6+ Rxf6 28. Bc1 Re8 29. Kf1 h6 30. b3 Ne3+ 31. Bxe3 Rxe3 32. Rab1 Rc3 33. Rb2 g6 34. g3 h5 35. Rd4 Kg7 36. a4 Rf5 37. Kg2 a5 38. axb5 Rxb5 39. Ra4 g5 40. b4 1/2-1/2

[Event "XLII Barbera Open 2019"]
[Site "Barbera"]
[Date "2019.07.06"]
[Round "3.2"]
[White "Rios, Cristhian Camilo"]
[Black "Morales, Jhon Alexander"]
[Result "1/2-1/2"]
[ECO "B07"]
[WhiteElo "2520"]
[BlackElo "2422"]
[Annotator "ChessBase"]
[PlyCount "29"]
[EventDate "2019.07.04"]
[EventType "swiss"]
[EventCountry "ESP"]
[SourceTitle "playchess.com"]
[Source "ChessBase"]
[SourceQuality "1"]
[TimeControl "5400+30"]

1. e4 d6 2. d4 Nf6 3. Nc3 c6 4. g3 Nbd7 5. Bg2 e5 6. Nge2 Be7 7. O-O b5 8. a3 Bb7 9. h3 h5 10. dxe5 dxe5 11. Bg5 a5 12. Qd2 Nc5 13. Qxd8+ Bxd8 14. Be3 Ncd7 15. f4 1/2-1/2

[Event "XLII Barbera Open 2019"]
[Site "Barbera"]
[Date "2019.07.06"]
[Round "3.3"]
[White "Munoz, Miguel"]
[Black "Leon Valdes, Jony Wilson"]
[Result "1/2-1/2"]
[ECO "C06"]
[WhiteElo "2511"]
[BlackElo "2364"]
[Annotator "ChessBase"]
[PlyCount "59"]
[EventDate "2019.07.04"]
[EventType "swiss"]
[EventCountry "ESP"]
[SourceTitle "playchess.com"]
[Source "ChessBase"]
[SourceQuality "1"]
[TimeControl "5400+30"]

1. e4 e6 2. d4 d5 3. Nd2 Nf6 4. e5 Nfd7 5. Bd3 c5 6. c3 Nc6 7. Ne2 cxd4 8. cxd4 f6 9. exf6 Nxf6 10. O-O Bd6 11. f4 Qb6 12. Nf3 O-O 13. Kh1 Bd7 14. Nc3 Rac8 15. a3 Ne7 16. Ne5 Be8 17. Qf3 Bxe5 18. dxe5 Nd7 19. Qh3 Bg6 20. Bxg6 Nxg6 21. Nxd5 exd5 22. Qxd7 Rcd8 23. Qh3 Nxe5 24. Be3 d4 25. Bxd4 Qxd4 26. fxe5 Rxf1+ 27. Rxf1 Qxe5 28. Qb3+ Qd5 29. Qe3 a6 30. h3 1/2-1/2

[Event "XLII Barbera Open 2019"]
[Site "Barbera"]
[Date "2019.07.06"]
[Round "3.4"]
[White "Diaz Hernandez, Heriberto"]
[Black "Oliva Castaneda, Kevel"]
[Result "1/2-1/2"]
[ECO "B10"]
[WhiteElo "2353"]
[BlackElo "2467"]
[Annotator "ChessBase"]
[PlyCount "62"]
[EventDate "2019.07.04"]
[EventType "swiss"]
[EventCountry "ESP"]
[SourceTitle "playchess.com"]
[Source "ChessBase"]
[SourceQuality "1"]
[TimeControl "5400+30"]

1. e4 c6 2. Nc3 d5 3. Nf3 Nf6 4. e5 Ne4 5. Be2 Nxc3 6. dxc3 Bg4 7. h3 Bxf3 8. Bxf3 e6 9. O-O Nd7 10. Qe2 Bc5 11. Bf4 O-O 12. c4 Nb6 13. cxd5 cxd5 14. a4 a6 15. c3 Be7 16. b3 Bg5 17. Bg3 Qc7 18. c4 dxc4 19. a5 Nd7 20. Qxc4 Qxc4 21. bxc4 Nc5 22. Rfb1 Rab8 23. Rb6 Bd8 24. Rbb1 Bc7 25. Bf4 Rfc8 26. Be3 Bxe5 27. Bxc5 Rxc5 28. Ra4 Rc7 29. Rab4 g6 30. Bxb7 Bc3 31. R4b3 Bxa5 1/2-1/2

[Event "XLII Barbera Open 2019"]
[Site "Barbera"]
[Date "2019.07.06"]
[Round "3.5"]
[White "Sturt, Raven"]
[Black "Vehi Bach, Victor Manuel"]
[Result "1-0"]
[ECO "B21"]
[WhiteElo "2429"]
[BlackElo "2339"]
[Annotator "NA"]
[PlyCount "67"]
[EventDate "2019.07.04"]
[EventType "swiss"]
[EventCountry "ESP"]
[SourceTitle "playchess.com"]
[Source "ChessBase"]
[SourceQuality "1"]
[TimeControl "5400+30"]

1. e4 c5 2. d4 cxd4 3. c3 dxc3 4. Nxc3 Nc6 5. Nf3 e6 6. Bc4 a6 7. O-O Nge7 8. Bg5 f6 9. Be3 b5 10. Bb3 Bb7 11. Nd2 Na5 12. Re1 g6 13. Bc5 Rc8 14. Bd6 Nec6 15. Bxf8 Kxf8 16. Nf3 Qe7 17. e5 f5 18. Qd2 Kg7 19. Rad1 Rc7 20. Qe3 Nxb3 21. axb3 Nb4 22. Nd4 h6 23. Nce2 Qg5 24. Nf4 Kf7 25. Nxb5 axb5 26. Qb6 Bxg2 27. Qxc7 Bd5+ 28. Kf1 Qxf4 29. Qxd7+ Kf8 30. Qd8+ Kg7 31. Qf6+ Kg8 32. Qxg6+ Kf8 33. Qf6+ Kg8 34. Re3 1-0